 Dungeon Crawl Stone Soup version 0.28.0-43-g3370ac3207 (webtiles) character file.

Game seed: 6841210611353318523

42128 Kaptain the Geomancer (level 14, -11/91 HPs)
             Began as a Gargoyle Earth Elementalist on Mar 23, 2022.
             Mangled by a large slime creature (19 damage)
             ... on level 12 of the Dungeon.
             The game lasted 00:42:31 (26880 turns).

Kaptain the Geomancer (GrEE)                       Turns: 26880, Time: 00:42:33

Health: -11/91     AC: 23    Str: 15    XL:     14   Next: 18%
Magic:  28/28      EV: 13    Int: 20    God:
Gold:   1156       SH:  0    Dex: 10    Spells: 26/33 levels left

rFire   + . .      SeeInvis .   o - +5 war axe
rCold   + + .      Faith    .   (no shield)
rNeg    + . .      Spirit   .   v - +1 leather armour {rC+ rF+}
rPois   ∞          Reflect  .   r - +0 helmet
rElec   +          Harm     .   (no cloak)
rCorr   .          Rampage  .   a - +0 pair of gloves
Will    +....                   x - +0 pair of boots
Stlth   +.........              (no amulet)
HPRegen 0.25/turn               d - +4 ring of protection
MPRegen 0.21/turn               j - ring of protection from cold

@: confused, ambrosia-drunk, flying, unable to read
A: sickness immunity, AC +10, big wings, negative energy resistance 1,
electricity resistance, torment resistance 1, petrification resistance, strong
1, inability to read while threatened, MP-powered wands
a: no special abilities


You were on level 12 of the Dungeon.
You visited 4 branches of the dungeon, and saw 22 of its levels.
You also visited: Ossuary and Ice Cave.

You collected 1156 gold pieces.

Inventory:

Hand Weapons
 c - a +2 morningstar of protection
 o - a +5 war axe (weapon)
 q - a +0 trident
 w - a +1 fustibalus of freezing
 A - a +2 vampiric rapier
Missiles
 e - 404 stones
 k - 3 javelins
 m - 5 silver javelins
 C - a throwing net
Armour
 a - a +0 pair of gloves (worn)
 g - a +0 troll leather armour
 r - a +0 helmet (worn)
 v - a +1 leather armour of resistance (worn)
 x - a +0 pair of boots (worn)
Magical Staves
 N - a staff of cold
Jewellery
 d - a +4 ring of protection (left hand)
 h - a +4 ring of evasion
 j - a ring of protection from cold (right hand)
 y - a ring of positive energy
 H - a +4 ring of evasion
 O - a ring of protection from fire
Wands
 z - a wand of mindburst (18)
 D - a wand of iceblast (25)
 I - a wand of digging (8)
 J - a wand of polymorph (3)
Scrolls
 f - 5 scrolls of amnesia
 n - 3 scrolls of immolation
 s - 5 scrolls of teleportation
 B - 2 scrolls of fog
 F - 2 scrolls of enchant armour
 G - a scroll of fear
 P - a scroll of blinking
Potions
 b - 2 potions of curing
 i - a potion of flight
 p - 3 potions of brilliance
 t - 2 potions of ambrosia
 u - 4 potions of might
 E - a potion of magic {unknown}
 M - a potion of mutation
 Q - a potion of haste {unknown}


   Skills:
 * Level 11.9 Fighting
 + Level 8.2 Armour
 - Level 6.0 Dodging
 + Level 4.6 Stealth
 + Level 3.7 Shields
 * Level 10.3 Spellcasting
 * Level 11.9 Conjurations
 - Level 0.7 Transmutations
 * Level 13.3 Earth Magic


You had 26 spell levels left.
You knew the following spells:

 Your Spells              Type           Power      Damage    Failure   Level
a - Sandblast             Erth           100%       2d20      1%          1
b - Stone Arrow           Conj/Erth      100%       3d13      1%          3
c - Mephitic Cloud        Conj/Pois/Air  26%        N/A       4%          3

Your spell library contained the following spells:

 Spells                   Type           Power      Damage    Failure   Level
 Magic Dart               Conj           100%       1d8       1%          1
 Passwall                 Tmut/Erth      31%        N/A       1%          2
 Searing Ray              Conj           100%       2d8       1%          2
 Petrify                  Tmut/Erth      38%        N/A       4%          4
 Fulminant Prism          Conj/Hex       17%        3d11      7%          4
 Animate Skeleton         Necr           20%        N/A       9%          1
 Pain                     Necr           40%        1d6       9%          1
 Call Imp                 Summ           10%        N/A       12%         2
 Ensorcelled Hibernation  Hex/Ice        20%        N/A       12%         2
 Irradiate                Conj/Tmut      17%        3d19      17%         5
 Swiftness                Air            10%        N/A       24%         3
 Vampiric Draining        Necr           10%        2d6       24%         3
 Malign Gateway           Summ/Tloc      5%         N/A       100%        7
 Summon Horrible Things   Summ           5%         N/A       100%        8
 Sublimation of Blood     Necr           Unusable   N/A       N/A         2

Dungeon Overview and Level Annotations

Branches:
Dungeon (15/15)            Temple (1/1) D:6            Lair (5/6) D:11
  Swamp (0/4) Lair:4       Spider (0/4) Lair:3        Slime (0/5) Lair:5
    Orc (1/2) D:12        Ossuary (visited)           IceCv (visited)
 Vaults: D:13-14     Depths: D:15

Altars:
Ashenzari
Cheibriados
Dithmenos
Elyvilon
Fedhas
Gozag
Hepliaklqana
Kikubaaqudgha
Makhleb
Nemelex Xobeh
Okawaru
Qazlal
Ru
Sif Muna
Trog
Uskayaw
Vehumet
Wu Jian
Xom
Yredelemnul
Zin
The Shining One

Annotations:
D:9 4 transporters
Lair:4 2 runed translucent doors, Kyusiynim's ghost, journeyman GnEn


Innate Abilities, Weirdness & Mutations

You are immune to sickness and miasma.
Your stone body is resilient. (AC +10)
You are immune to poison.
Your large and strong wings let you fly.
You resist negative energy. (rN+)
You are resistant to electric shocks. (rElec)
You are resistant to unholy torment.
You are immune to petrification.
Your muscles are strong. (Str +2)
You sometimes lose the ability to read scrolls when taking damage.
You expend magic power (3 MP) to strengthen your wands.


Message History

Aim: a very large slime creature (moderately wounded, 95% to hit)
The stone arrow hits the very large slime creature!
The very large slime creature is heavily wounded.
Casting: Stone Arrow (safe; 1% risk of failure)
Confirm with . or Enter, or press ? or * to list all spells.
Aiming: Stone Arrow (safe; 1% risk of failure)
Press: ? - help, Shift-Dir - straight line, f/p - very large slime creature
Aim: a very large slime creature (heavily wounded, 95% to hit)
The stone arrow hits the very large slime creature!!
The very large slime creature is heavily wounded.
The very large slime creature hits you!
Casting: Stone Arrow (safe; 1% risk of failure)
Confirm with . or Enter, or press ? or * to list all spells.
Aiming: Stone Arrow (safe; 1% risk of failure)
Press: ? - help, Shift-Dir - straight line, f/p - very large slime creature
Aim: a very large slime creature (heavily wounded, 95% to hit)
The stone arrow hits the very large slime creature!!
The very large slime creature is severely wounded.
The very large slime creature hits you!!!
You feel threatened and lose the ability to read scrolls!
Ouch! That really hurt!
* * * LOW HITPOINT WARNING * * *
You are confused.
You feel invigorated.
A very large slime creature splits.
You closely miss the large slime creature.
The large slime creature is heavily wounded.
You slash the slime creature! The large slime creature hits you!!
* * * LOW HITPOINT WARNING * * *
The slime creature barely misses you. The slime creature barely misses you.
The large slime creature hits you!!
* * * LOW HITPOINT WARNING * * *
Unknown command.
You hit the large slime creature.
The large slime creature is heavily wounded.
You hit the slime creature.
The large slime creature hits you but does no damage.
The slime creature hits you but does no damage.
The large slime creature hits you!!
You die...

### ### ###
###.######.##### ###.#####
#........##....####....[..#
..
#.........####......#######
.. #.........# ###@J.## ..
#.........## ##J.## .#
##.........# ##..# .#
#........## #..# .#
#..####### ##.## ###.# #.##
#..########...# #.#
#..##........#. #.#
##......###### ##.#
#..######


You could see a large slime creature and a slime creature.

Vanquished Creatures
  A reaper (IceCv)
  6 hydras
  3 two-headed ogres (D:9)
  A deep elf pyromancer (D:15)
  Pikel (D:7)
  4 manticores
  A cyclops (D:10)
  5 black mambas
  2 ugly things (D:12)
  13 elephants
  2 ice statues (IceCv)
  Joseph (D:7)
  A gargoyle (D:10)
  4 cane toads
  6 komodo dragons
  2 entropy weaver simulacra (IceCv)
  8 ice devils
  A polar bear (Lair:4)
  A hornet (D:9)
  A slime creature (D:12)
  6 trolls
  9 blink frogs
  10 dream sheep (Lair:4)
  Sigmund (D:3)
  3 culicivoras (Lair:3)
  A spriggan (Lair:4)
  3 wyverns
  A vampire (D:12)
  A dire elephant simulacrum (IceCv)
  2 wraiths
  34 yaks
  A steam dragon (D:7)
  6 basilisks
  A death yak simulacrum (IceCv)
  5 wargs (D:12)
  15 water moccasins
  5 orc warriors
  An ice beast (D:7)
  3 black bears
  2 ogres
  3 wolves (Lair:4)
  A phantom (D:7)
  13 bullfrogs
  2 two-headed ogre simulacra (IceCv)
  A gnoll sergeant (D:9)
  7 scorpions
  3 water moccasin zombies
  A cane toad simulacrum (IceCv)
  2 elephant simulacra (IceCv)
  4 killer bees (D:9)
  An electric eel (Lair:4)
  A wight (D:5)
  6 howler monkeys
  2 bullfrog zombies
  3 centaur zombies
  2 jellies (D:6)
  A bullfrog skeleton (D:5)
  3 hounds
  A gnoll shaman (D:5)
  9 orc priests
  A centaur skeleton (D:5)
  Natasha (D:3)
  14 orc wizards
  2 spriggan simulacra (IceCv)
  2 troll simulacra (IceCv)
  A wolf simulacrum (IceCv)
  A hound skeleton (D:4)
  2 mummies (Ossuary)
  Robin (D:3)
  9 adders
  8 gnolls
  3 naga simulacra (IceCv)
  A shadow imp (D:6)
  5 white imps
  3 ufetubi
  8 adder zombies (Ossuary)
  A worm (D:2)
  8 dart slugs
  43 orcs
  11 bats
  5 endoplasms
  11 giant cockroaches
  3 gnoll zombies (Ossuary)
  7 goblins
  11 hobgoblins
  A jackal (D:5)
  5 kobolds
  3 quokkas
  4 ball pythons
  3 frilled lizards
  3 hobgoblin zombies (Ossuary)
  2 kobold zombies (Ossuary)
  5 orc zombies (Ossuary)
  5 rats
433 creatures vanquished.

Vanquished Creatures (others)
  33 fungi
  42 plants
75 creatures vanquished.

Grand Total: 508 creatures vanquished

Notes
Turn   | Place    | Note
-------+----------+-------------------------------------------
     0 | D:1      | Kaptain the Gargoyle Earth Elementalist began the quest for
                  | the Orb.
     0 | D:1      | Reached XP level 1. HP: 10/10 MP: 3/3
   198 | D:1      | Reached XP level 2. HP: 10/16 MP: 5/5
  1026 | D:2      | Reached skill level 1 in Fighting
  1035 | D:2      | Reached skill level 1 in Conjurations
  1095 | D:2      | Reached XP level 3. HP: 13/20 MP: 1/6
  1241 | D:2      | Reached skill level 4 in Earth Magic
  1424 | D:2      | Reached XP level 4. HP: 20/25 MP: 3/7
  1553 | D:2      | Found a faded altar of an unknown god.
  1782 | D:2      | Reached skill level 1 in Armour
  2065 | D:3      | Learned a level 3 spell: Stone Arrow
  2124 | D:3      | Noticed an ogre
  2130 | D:3      | Killed an ogre
  2131 | D:3      | Reached XP level 5. HP: 12/31 MP: 0/9
  2447 | D:3      | Noticed Sigmund
  2532 | D:3      | Killed Sigmund
  2533 | D:3      | Reached skill level 5 in Earth Magic
  2533 | D:3      | Reached XP level 6. HP: 36/37 MP: 1/10
  2769 | D:3      | Noticed Robin
  2779 | D:3      | Killed Robin
  3272 | D:3      | Noticed Natasha
  3278 | D:3      | Killed Natasha
  3279 | D:3      | Reached XP level 7. HP: 41/41 MP: 11/11
  4285 | D:5      | Entered Level 5 of the Dungeon
  4621 | D:5      | Found a radiant altar of Vehumet.
  4647 | D:5      | Reached XP level 8. HP: 40/48 MP: 0/14
  4694 | D:5      | Reached skill level 6 in Earth Magic
  5344 | D:5      | Reached skill level 5 in Fighting
  5625 | D:6      | Found a sand-covered staircase.
  5629 | Ossuary  | Entered an ossuary
  5700 | Ossuary  | Reached skill level 5 in Conjurations
  5979 | D:6      | Found a glowing golden altar of the Shining One.
  5984 | D:6      | Found a broken altar of Ashenzari.
  6001 | D:6      | Reached skill level 7 in Earth Magic
  6001 | D:6      | Reached XP level 9. HP: 54/54 MP: 13/16
  6005 | D:6      | Learned a level 3 spell: Mephitic Cloud
  6309 | D:6      | Reached skill level 5 in Spellcasting
  6572 | D:6      | Gained mutation: You sometimes lose the ability to read
                  | scrolls when taking damage. [potion of mutation]
  6572 | D:6      | Gained mutation: You expend magic power (3 MP) to
                  | strengthen your wands. [potion of mutation]
  6572 | D:6      | Gained mutation: You are agile. (Dex +2) [potion of
                  | mutation]
  6573 | D:6      | Lost mutation: You expend magic power (3 MP) to strengthen
                  | your wands. [potion of mutation]
  6573 | D:6      | Lost mutation: You are agile. (Dex +2) [potion of mutation]
  6573 | D:6      | Gained mutation: You expend magic power (3 MP) to
                  | strengthen your wands. [potion of mutation]
  6573 | D:6      | Gained mutation: Your muscles are strong. (Str +2) [potion
                  | of mutation]
  6586 | D:6      | Found a staircase to the Ecumenical Temple.
  6596 | Temple   | Entered the Ecumenical Temple
  7075 | D:6      | Found a bloodstained altar of Trog.
  7075 | D:6      | Found a shimmering altar of Xom.
  7078 | D:6      | Found an iron altar of Okawaru.
  7314 | D:7      | Noticed a manticore
  7318 | D:7      | Killed a manticore
  7502 | D:7      | Noticed Pikel
  7505 | D:7      | Noticed Joseph
  7526 | D:7      | Killed Pikel
  7538 | D:7      | Killed Joseph
  7539 | D:7      | Reached skill level 8 in Earth Magic
  7801 | D:7      | Reached XP level 10. HP: 28/61 MP: 11/18
  8744 | D:8      | Found a radiant altar of Vehumet.
  8758 | D:8      | Found a white marble altar of Elyvilon.
  9260 | D:9      | Noticed a two-headed ogre
  9265 | D:9      | Killed a two-headed ogre
  9534 | D:9      | Noticed a two-headed ogre
  9539 | D:9      | Killed a two-headed ogre
  9627 | D:9      | Found a transporter.
  9629 | D:9      | Found a transporter.
  9638 | D:9      | Found a transporter.
  9638 | D:9      | Found a transporter.
  9640 | D:9      | Found a transporter.
  9640 | D:9      | Found a transporter.
  9643 | D:9      | Reached skill level 9 in Earth Magic
  9726 | D:9      | Reached skill level 5 in Armour
 10222 | D:9      | Noticed a manticore
 10232 | D:9      | Killed a manticore
 10741 | D:10     | Entered Level 10 of the Dungeon
 10749 | D:10     | Noticed a cyclops
 10754 | D:10     | Killed a cyclops
 10872 | D:10     | Noticed a two-headed ogre
 10874 | D:10     | Reached XP level 11. HP: 68/68 MP: 19/21
 11260 | D:9      | HP: 2/68 [two-headed ogre/+0 giant spiked club (21)]
 11267 | D:9      | Killed a two-headed ogre
 11685 | D:10     | Reached skill level 10 in Earth Magic
 12343 | D:11     | Noticed a manticore
 12344 | D:11     | Identified the +1 leather armour "Xilianamn" {Int+4 Stlth-}
 12808 | D:11     | Found a staircase to the Lair.
 12813 | D:11     | Killed a manticore
 12814 | D:11     | Reached skill level 5 in Dodging
 14022 | Lair:1   | Entered Level 1 of the Lair of Beasts
 14242 | D:11     | Reached XP level 12. HP: 71/76 MP: 13/24
 14457 | Lair:1   | Noticed a five-headed hydra
 14461 | Lair:1   | Killed a five-headed hydra
 14532 | Lair:1   | Reached skill level 11 in Earth Magic
 15010 | Lair:1   | You fall into a shaft and drop 1 floor!
 15132 | Lair:1   | Noticed a four-headed hydra
 15138 | Lair:1   | Killed a four-headed hydra
 15197 | Lair:1   | Reached skill level 10 in Fighting
 15816 | Lair:2   | Reached skill level 10 in Conjurations
 16849 | Lair:3   | Found a frozen archway.
 16865 | IceCv    | Entered an ice cave
 17714 | IceCv    | Reached skill level 12 in Earth Magic
 17720 | IceCv    | Reached XP level 13. HP: 37/83 MP: 2/26
 18141 | IceCv    | Noticed a reaper
 18338 | IceCv    | Killed a reaper
 18721 | Lair:3   | Reached skill level 1 in Shields
 19276 | Lair:3   | Found a hole to the Spider Nest.
 20287 | Lair:4   | Found a staircase to the Swamp.
 21185 | Lair:4   | Found a large runed translucent door.
 21186 | Lair:4   | Found a large runed translucent door.
 21188 | Lair:4   | Noticed Kyusiynim's ghost (journeyman GnEn)
 22806 | Lair:5   | Reached skill level 10 in Spellcasting
 23146 | Lair:5   | Reached skill level 13 in Earth Magic
 23392 | Lair:5   | Found a staircase to the Slime Pits.
 24978 | D:12     | Found a staircase to the Orcish Mines.
 24988 | D:12     | Gained mutation: Your large and strong wings let you fly.
                  | [Gargoyle growth]
 24988 | D:12     | Reached XP level 14. HP: 79/91 MP: 7/28
 25158 | Orc:1    | Entered Level 1 of the Orcish Mines
 26714 | D:12     | You are sucked into a shaft and drop 3 floors!
 26714 | D:15     | Entered Level 15 of the Dungeon
 26875 | D:12     | HP: 4/91 [large slime creature (20)]
 26880 | D:12     | Mangled by a large slime creature

Illustrated notes

Levels and vault maps discovered:
D:1:      sevenhm_arrival_forest_fort_large_2, layout_rooms, minmay_ruptured
D:2:      layout_basic, nicolae_ecumenical_oubliette, kennysheep_nondescript
D:3:      minmay_roachtagon, layout_basic, uniq_robin, uniq_natasha,
          uniq_sigmund
D:4:      layout_rooms
D:5:      old_forge, layout_basic, minmay_ruined_shrine
D:6:      layout_layer_cave, minitemple, minmay_temple_entry_mini_moons,
          enter_ossuary_5
D:7:      layout_basic, uniq_pikel, uniq_joseph
D:8:      layout_loops_ring, mainiacjoe_overflow_catch_the_wave
D:9:      layout_irregular_city, corexii_checkpoint_a, minmay_door_square,
          serial_nicolae_subway, nicolae_sub_station_metal,
          nicolae_sub_station_crystal, nicolae_sub_station_stone
D:10:     layout_rooms
D:11:     layout_gridville, minmay_lair_entry_grove
D:12:     layout_cave_pods, minmay_orc_entry_guard_dogs, minmay_circle_x
D:13:     layout_rooms, erik_vaults_1, gauntlet_entry_generic
D:14:     layout_loops_ring, roderic_lattice_a, uniq_azrael
D:15:     hangedman_depths_entry_try_elsewhere_first, layout_cave_pools,
          minmay_misc_feat_cross, uniq_agnes
Temple:   regret_index_temple_generic_petals
Lair:1:   layout_roguey
Lair:2:   layout_roguey
Lair:3:   layout_chaotic_city, hellmonk_spider_entry_life_and_decay,
          portal_ice_cave_demonic_guard
Lair:4:   layout_layer_cave, swamp_mist_pool, ebering_ghost_disaster_area,
          grunt_forest_stairs_clearing, lemuel_fruit_tree
Lair:5:   wad_woods_structure_01, layout_long_grid, slime_dummy
Orc:1:    layout_caves

Skill      XL: |  1  2  3  4  5  6  7  8  9 10 11 12 13 |
---------------+----------------------------------------+-----
Fighting       | 1 2 3 4 5 6 8 9 10 11 | 11.9
Conjurations   | 1 2 3 4 5 6 7 9 10 11 | 11.9
Earth Magic    | 4 5 7 8 9 10 12 13 | 13.3
Armour         | 1 2 3 4 5 6 7 8 |  8.2
Dodging        | 2 3 4 5 6 |  6.0
Spellcasting   | 3 4 5 7 8 9 10 | 10.3
Shields        | 3 |  3.7
Stealth        | 4 |  4.6
Transmutations | |  0.7

Action                   |  1- 3 |  4- 6 |  7- 9 | 10-12 | 13-15 || total
-------------------------+-------+-------+-------+-------+-------++-------
Melee: Dagger            |    42 |    41 |       |       |       ||    83
       Punch             |     1 |     3 |     3 |     3 |     5 ||    15
       Hand axe          |       |    65 |    95 |       |       ||   160
       War axe           |       |       |   140 |   166 |    98 ||   404
 Cast: Sandblast         |    23 |    17 |    45 |    68 |    36 ||   189
       Stone Arrow       |       |     4 |    47 |   231 |   267 ||   549
Evoke: Wand              |       |       |     6 |       |       ||     6
  Use: Scroll            |       |     3 |    10 |     7 |     5 ||    25
       Potion            |       |     1 |     4 |     2 |     7 ||    14
 Stab: Sleeping          |     2 |       |       |       |       ||     2
       Distracted        |       |       |     1 |       |       ||     1
Armor: Leather armour    |     8 |    60 |   137 |    80 |   206 ||   491
       Skin              |       |     4 |       |       |       ||     4
       Troll leather arm |       |       |       |   100 |    14 ||   114
Dodge: Dodged            |    30 |    77 |   277 |   336 |   190 ||   910
